Bob, chaotic male elven Priest --- .. ..--- -....-- ---....... |....... -.. |..... |...... --- |... -.<.....%. --.---I- -...........)...| |...........(^--- -.............| -............---- |.......---... |... --- |... -- - ---. -- Bob the Acolyte Experience level: 4 Strength: 7 Dexterity: 13 Constitution: 16 Intelligence: 9 Wisdom: 20 Charisma: 9 Health: 0(37) Energy: 41(41) Def: 2 Gold: 352 Moves: 3037 Dungeon seed: 2oo6oeYmiyVHZve_ Game ID: Bob_1584749923 Your Inventory: Coins $ - 352 gold pieces Weapons k - 10 blessed +1 orcish arrows A - a +0 elven dagger E - a +0 dagger G - a +0 mace (weapon in hand) Armor e - a +0 robe n - a +0 small shield (being worn) y - a +0 cloak of invisibility (being worn) Comestibles c - 2 cloves of garlic d - a sprig of wolfsbane C - a food ration Spellbooks f - a spellbook of light g - a spellbook of remove curse w - a spellbook of jumping Potions b - 4 potions of holy water Rings u - a cursed ring of polymorph control Tools h - a magic marker (0:51) i - a wooden flute B - a blindfold Gems q - 3 worthless pieces of white glass r - a jade stone Spells and supernatural/magical abilities: Name Level Category Fail Memory l - light 1 divination 0% 85% r - remove curse 3 clerical 0% 85% W - pray for help -- divine ? -- X - turn undead -- divine ? -- Your skills at the end: Fighting Skills Weapon Skills mace [Basic] Spellcasting Skills clerical spells [Basic] Final Attributes: You were piously aligned. You were sleep resistant. You were blinded. You saw invisible. You had infravision. You were invisible to others. You are dead. Vanquished creatures: a kitten 2 dwarf zombies an iguana a gas spore 3 hobbits 8 giant rats a cave spider a green mold 3 gnomes 2 gnome zombies a gecko 4 jackals a fox a kobold a goblin 3 grid bugs 6 lichens a kobold zombie 4 newts 45 creatures vanquished. Voluntary challenges: You used a wielded weapon 52 times, starting on turn 2. You read items or engraved 3 times, starting on turn 1767. You never genocided any monsters. You never polymorphed an object. You never changed form. You used no wishes. You never split a pudding. You never wrote Elbereth's name. You never violated your personal moral code. Dungeon overview: The Dungeons of Doom: levels 1 to 4 Level 1 (sink and large box) a sink a long staircase Level 2 Level 3 (spellbook of light in chest) a general store Level 4 a weapon shop, a fountain stairs to The Gnomish Mines The Gnomish Mines: levels 5 to 6 Level 5 stairs to The Dungeons of Doom Level 6 <- You were here History has recorded: On T:1 you entered the Dungeons of Doom to retrieve the Amulet of Yendor! On T:276 you reached level 2 of The Dungeons of Doom. On T:510 you advanced to experience level 2. On T:628 you reached level 3 of The Dungeons of Doom. On T:1336 you advanced to experience level 3. On T:2225 you reached level 4 of The Dungeons of Doom. On T:2652 you advanced to experience level 4. On T:2828 you reached level 1 of The Gnomish Mines. On T:3009 you reached level 2 of The Gnomish Mines. Score breakdown: Gold: 352 ( 8666 points) Experience: 4 levels ( 9649 points) Exploration: 6 levels ( 13.04%) (10000 points) Discoveries: 8 items ( 2.80%) ( 5017 points) Valuables value: (no points given unless you survive) Artifact value: 0 ( 0 points) Variety of kills: 19 monsters ( 4.99%) ( 6699 points) Turncount: 3037 turns ( -618 points) Survival: died (score multiplied by 80%) Total score: 31530 Latest messages: You begin praying to Susanowo. You are surrounded by a shimmering light. The gnomish wizard starts to attack you, but pulls back. (2x) The hobbit starts to attack you, but pulls back. The gnomish wizard starts to attack you, but pulls back. The hobbit starts to attack you, but pulls back. The gnomish wizard starts to attack you, but pulls back. The dwarf picks up a blessed dagger. You feel that Susanowo is well-pleased. You hit the gnomish wizard! The hobbit thrusts her elven dagger. The hobbit hits! The air crackles around the gnomish wizard. A cloud of darkness falls upon you. The spellbook crumbles to dust! (You can name a bronze spellbook from the item naming menu.) It hits! You hear a mumbled curse. It hits! You die... Final status: Goodbye Bob the Priest, killed by a hobbit, while frozen by a spellbook... You died in The Gnomish Mines on dungeon level 6 with 31530 points, and 352 pieces of gold, after 3037 moves. You were level 4 with a maximum of 37 hit points when you died.